 Dungeon Crawl Stone Soup version 0.22-a0-284-g99d1f74 (webtiles) character file.

868 Amnesiac the Skirmisher (level 7, -4/44 HPs)
             Began as a Deep Elf Wizard on Mar 21, 2018.
             Slain by a gnoll
             ... wielding a +0 spear
              (6 damage)
             ... on level 5 of the Dungeon.
             The game lasted 00:05:18 (4938 turns).

Amnesiac the Skirmisher (Deep Elf Wizard)           Turns: 4938, Time: 00:05:18

Health: -4/44      AC:  5    Str:  4    XL:     7   Next: 73%
Magic:  4/15       EV: 15    Int: 25    God:
Gold:   150        SH:  0    Dex: 13    Spells: 4/15 levels left

rFire    + . .     SeeInvis .   t - +1 fustibalus
rCold    . . .     Gourm    .   (no shield)
rNeg     . . .     Faith    .   a - +0 robe
rPois    .         Spirit   .   b - +2 hat
rElec    .         Reflect  .   s - +0 cloak
rCorr    .         Harm     .   (no gloves)
MR       .....                  (no boots)
Stlth    ++........             (no amulet)
HPRegen  0.14/turn              i - ring of protection from fire
MPRegen  0.14/turn              (no ring)

@: very slightly contaminated
A: no striking features
a: no special abilities


You were on level 5 of the Dungeon.
You were hungry.

You visited 1 branch of the dungeon, and saw 5 of its levels.

You collected 150 gold pieces.

Inventory:

Hand Weapons
 t - a +1 fustibalus (weapon)
Missiles
 f - 93 stones
 n - 5 sling bullets (quivered)
Armour
 a - a +0 robe (worn)
 b - a +2 hat (worn)
 s - a +0 cloak (worn)
Jewellery
 h - an uncursed ring of flight {unknown}
 i - a ring of protection from fire (left hand)
Wands
 l - a wand of acid (15)
 u - a wand of polymorph (6)
Scrolls
 c - a scroll of remove curse {!r}
 j - 3 scrolls of teleportation {!r}
 p - a scroll of immolation {!r}
 v - a scroll of enchant weapon {!r}
Potions
 e - 3 potions of flight {!q, unknown}
 g - 5 potions of curing {!q, unknown}
 k - 2 potions of degeneration {!q, unknown}
 m - 2 potions of heal wounds {!q, unknown}
 q - a potion of might {!q}
 r - a potion of cancellation {!q}
 w - a potion of invisibility {!q, unknown}
Comestibles
 d - 8 rations
 o - 8 chunks of flesh


   Skills:
 * Level 5.3 Fighting
 + Level 5.3 Dodging
 - Level 2.4 Stealth
 - Level 4.5 Spellcasting
 - Level 4.5 Conjurations
 - Level 1.1 Summonings
 - Level 1.1 Translocations


You had 4 spell levels left.
You knew the following spells:

 Your Spells              Type           Power        Failure   Level  Hunger
a - Magic Dart            Conj           ####         1%          1    None
b - Call Imp              Summ           ##......     9%          2    None
e - Mephitic Cloud        Conj/Pois/Air  ##......     14%         3    ##.....
s - Conjure Flame         Conj/Fire      ###.....     11%         3    ##.....
v - Blink                 Tloc           N/A          9%          2    None


Dungeon Overview and Level Annotations

Branches:
Dungeon (5/15)
 Temple: D:4-7

Altars:
Okawaru
Qazlal
Vehumet


Message History

A goblin comes into view.
Firing (i - inventory. (/) - cycle)
n - 13 sling bullets (quivered)
Press: ? - help, Shift-Dir - straight line, f/p - gnoll
Aim: a gnoll, wielding a club (noxious fumes, almost dead, confused)
You shoot a sling bullet. The sling bullet hits the gnoll.
You kill the gnoll!
Firing (i - inventory. (/) - cycle)
n - 12 sling bullets (quivered)
Press: ? - help, Shift-Dir - straight line, f - kobold
Aim: a kobold You shoot a sling bullet.
The sling bullet hits the kobold.
You kill the kobold!
An orc comes into view. It is wielding a short sword of venom.
Firing (i - inventory. (/) - cycle)
n - 11 sling bullets (quivered)
Press: ? - help, Shift-Dir - straight line, f - goblin
Aim: a goblin You shoot a sling bullet.
The orc shouts!
The sling bullet hits the orc!
You kill the orc!
The goblin hits you but does no damage.
Firing (i - inventory. (/) - cycle)
n - 10 sling bullets (quivered)
Press: ? - help, Shift-Dir - straight line, f - goblin
Aim: a goblin You shoot a sling bullet.
The sling bullet barely misses the goblin.
The goblin hits you but does no damage. The orc hits you with a short sword.
The gnoll barely misses you. The goblin hits you.
Firing (i - inventory. (/) - cycle)
n - 9 sling bullets (quivered)
Press: ? - help, Shift-Dir - straight line, f/p - goblin
Aim: a goblin You shoot a sling bullet.
The sling bullet closely misses the goblin.
The orc hits you with a short sword. The goblin misses you.
The gnoll hits you from afar with a spear!
The orc hits you with a short sword.
Firing (i - inventory. (/) - cycle)
n - 8 sling bullets (quivered)
Press: ? - help, Shift-Dir - straight line, f/p - goblin
Aim: a goblin You shoot a sling bullet.
The sling bullet closely misses the goblin.
The goblin closely misses you.
The gnoll hits you from afar with a spear!
* * * LOW HITPOINT WARNING * * *
The orc barely misses you. The gnoll hits you but does no damage.
The goblin barely misses you.
Firing (i - inventory. (/) - cycle)
n - 7 sling bullets (quivered)
Press: ? - help, Shift-Dir - straight line, f/p - goblin
Aim: a goblin You shoot a sling bullet.
The sling bullet closely misses the goblin.
The orc hits you but does no damage. The goblin completely misses you.
The gnoll misses you.
Firing (i - inventory. (/) - cycle)
n - 6 sling bullets (quivered)
Press: ? - help, Shift-Dir - straight line, f/p - goblin
Aim: a goblin You shoot a sling bullet.
The sling bullet misses the goblin.
The orc hits you with a short sword.
* * * LOW HITPOINT WARNING * * *
The goblin hits you but does no damage.
The gnoll hits you from afar with a spear!
* * * LOW HITPOINT WARNING * * *
The orc hits you but does no damage.
The gnoll hits you from afar with a spear.
You die...

#+ #.. '..
####'##
#..#..
#..#o#####
##'##(g...#
#..'go#.).#
#.)#.@# .o#
#####.#####
#...'..#..#
+...#).#).#
#
#+#+##.#'##
.##
#....##+#..+
#..........#
######..#+##
+. #..)..#
+.


You could see a gnoll, 2 orcs and a goblin.

Vanquished Creatures
  An ice beast (D:5)
  An ogre (D:4)
  A bullfrog (D:4)
  3 scorpions (D:4)
  2 hounds
  An orc priest (D:4)
  An orc wizard (D:4)
  A bullfrog skeleton (D:3)
  Jessica (D:2)
  2 worker ants (D:4)
  2 gnolls (D:5)
  6 adders
  A worm (D:3)
  3 dart slugs
  3 leopard geckos
  10 orcs
  8 bats
  3 giant cockroaches
  6 goblins
  8 hobgoblins
  4 jackals (D:3)
  8 kobolds
  3 quokkas
  A ball python (D:3)
  2 frilled lizards
  A jackal skeleton (D:4)
  5 rats
88 creatures vanquished.

Vanquished Creatures (collateral kills)
  Menkaure (D:4)
1 creature vanquished.

Grand Total: 89 creatures vanquished

Notes
Turn   | Place    | Note
-------+----------+-------------------------------------------
     0 | D:1      | Amnesiac the Deep Elf Wizard began the quest for the Orb.
     0 | D:1      | Reached XP level 1. HP: 10/10 MP: 7/7
   219 | D:1      | Reached skill level 1 in Fighting
   219 | D:1      | Reached XP level 2. HP: 11/16 MP: 1/9
   291 | D:1      | Learned a level 2 spell: Blink
   294 | D:1      | Learned a level 2 spell: Call Imp
   299 | D:1      | Found an iron altar of Okawaru.
  1235 | D:2      | Found a stormy altar of Qazlal.
  1262 | D:2      | Noticed Jessica
  1267 | D:2      | Killed Jessica
  1267 | D:2      | Reached XP level 3. HP: 21/21 MP: 4/11
  1272 | D:2      | Learned a level 3 spell: Conjure Flame
  1276 | D:2      | Learned a level 3 spell: Mephitic Cloud
  1943 | D:3      | Reached XP level 4. HP: 27/27 MP: 8/12
  2791 | D:3      | Reached XP level 5. HP: 31/31 MP: 3/13
  3249 | D:4      | Noticed an ogre
  3257 | D:4      | Killed an ogre
  3257 | D:4      | Reached XP level 6. HP: 37/37 MP: 11/14
  3384 | D:4      | Noticed Menkaure
  3579 | D:4      | Killed Menkaure
  3909 | D:4      | Reached XP level 7. HP: 43/43 MP: 11/15
  4336 | D:4      | Found a radiant altar of Vehumet.
  4733 | D:5      | Entered Level 5 of the Dungeon
  4798 | D:5      | Reached skill level 5 in Fighting
  4798 | D:5      | Reached skill level 5 in Dodging
  4843 | D:5      | Found a radiant altar of Vehumet.
  4937 | D:5      | HP: 2/44 [gnoll/spear (10)]
  4938 | D:5      | Slain by a gnoll

Vault maps used:
D:1:      dpeg_arrival_tiny_k, okawaru_ov_weapons_minmay
D:2:      grunt_qazlal_clouds, uniq_jessica
D:3:      first_ration
D:4:      lemuel_coloured_pillars_altar, uniq_menkaure
D:5:      corexii_shantytown, enter_ossuary_1, basic_altar

Skill      XL: |  1  2  3  4  5  6  7 |
---------------+----------------------+-----
Fighting       | 1 2 3 4 5 |  5.3
Conjurations   | 2 3 4 |  4.5
Dodging        | 3 4 5 |  5.3
Stealth        | |  2.4
Spellcasting   | |  4.5
Summonings     | |  1.1
Translocations | |  1.1

Action                   |  1- 3 |  4- 6 |  7- 9 || total
-------------------------+-------+-------+-------++-------
Melee: Unarmed           |       |     1 |       ||     1
 Fire: Fustibalus        |       |    68 |    79 ||   147
 Cast: Magic Dart        |    78 |   102 |    21 ||   201
       Mephitic Cloud    |       |     5 |     5 ||    10
       Call Imp          |       |     9 |       ||     9
       Conjure Flame     |       |       |     3 ||     3
       Blink             |       |       |     2 ||     2
  Use: Scroll            |     1 |     7 |     1 ||     9
  Eat: Chunk             |     3 |     6 |     3 ||    12
Armor: Robe              |     3 |    10 |     6 ||    19
Dodge: Dodged            |    16 |    39 |    27 ||    82

Table legend:
 A = Spawn XP
 B = Non-spawn XP
 C = Spawn XP percentage of total XP
 D = Spawn monster count
 E = Non-spawn monster count
 F = Spawn count percentage of total count
 G = Total turns spent on level
                    A         B        C        D         E        F      G
               +---------+---------+-------+---------+---------+-------+---------
         Total |       0 |    1241 |   0.0 |       0 |      89 |   0.0 |  4938
               +---------+---------+-------+---------+---------+-------+---------
           D:1 |       0 |      20 |   0.0 |       0 |      11 |   0.0 |   639
           D:2 |       0 |      72 |   0.0 |       0 |      16 |   0.0 |  1304
           D:3 |       0 |     176 |   0.0 |       0 |      30 |   0.0 |  1306
           D:4 |       0 |     760 |   0.0 |       0 |      22 |   0.0 |  1484
           D:5 |       0 |     213 |   0.0 |       0 |      10 |   0.0 |   205
               +---------+---------+-------+---------+---------+-------+---------
